2890 views
Uploaded 2020-02-15 18:34:31
Game version 1.32 / 1.32.1
24:55 long 1on1 ladder game on (2)TerenasStand_LV
Saved by Grim
2890 views
Uploaded 2020-02-15 18:34:31
Game version 1.32 / 1.32.1
24:55 long 1on1 ladder game on (2)TerenasStand_LV

51 units @ 7.6k
/ 1k
18 buildings @ 2.8k
/ 1.1k



| Rod of Necromancy | 1 | 150 |
| Orb of Corruption | 1 | 375 |
| Potion of Healing | 1 | 150 |
| Scroll of Healing | 2 | 500 |
| Scroll of Town Portal | 2 | 700 |
| total: | 7 | 1875g |
| Acolyte | 11 | 825 | / | 0 |
| Ghoul | 18 | 2160 | / | 0 |
| Obsidian Statue | 4 | 800 | / | 140 |
| Abomination | 7 | 1680 | / | 490 |
| Meat Wagon | 1 | 230 | / | 50 |
| Crypt Fiend | 6 | 1290 | / | 240 |
| Banshee | 4 | 620 | / | 120 |
| total: | 51 | 7605g | / | 1040w |
| Nerubian Tower | 1 | 100 | / | 20 |
| Spirit Tower | 1 | 145 | / | 40 |
| Crypt | 1 | 200 | / | 50 |
| Altar of Darkness | 1 | 180 | / | 50 |
| Ziggurat | 9 | 1350 | / | 450 |
| Tomb of Relics | 1 | 130 | / | 30 |
| Graveyard | 1 | 215 | / | 0 |
| Necropolis | 1 | 225 | / | 0 |
| Slaughterhouse | 2 | 280 | / | 270 |
| Temple of the Damned | 1 | 155 | / | 140 |
| Sacrificial Pit | 1 | 75 | / | 150 |
| Halls of the Dead | 1 | 320 | / | 210 |
| Black Citadel | 2 | 650 | / | 460 |
| total: | 18 | 2810g | / | 1140w |
| 0:01 | Acolyte |
| 0:01 | Acolyte |
| 0:03 | Acolyte |
| 0:06 | Crypt |
| 0:12 | Altar of Darkness |
| 0:23 | Ziggurat |
| 0:32 | Acolyte |
| 0:32 | Acolyte |
| 0:56 | Tomb of Relics |
| 1:09 | Ghoul |
| 1:17 | Ghoul |
| 1:29 | Ziggurat |
| 1:43 | Ghoul |
| 1:53 | Ghoul |
| 1:53 | Ghoul |
| 2:05 | Ghoul |
| 2:10 | Rod of Necromancy |
| 2:11 | Death Coil |
| 2:22 | Ghoul |
| 3:02 | Halls of the Dead |
| 3:13 | Ghoul |
| 3:27 | Ghoul |
| 3:37 | Ghoul |
| 3:43 | Ziggurat |
| 4:06 | Graveyard |
| 4:17 | Ghoul |
| 4:17 | Ghoul |
| 5:03 | Ghoul |
| 5:27 | Unholy Aura |
| 5:35 | Black Citadel |
| 6:23 | Slaughterhouse |
| 6:31 | Ghoul |
| 6:53 | Ziggurat |
| 6:57 | Frost Nova |
| 7:35 | Death Coil |
| 7:53 | Obsidian Statue |
| 7:57 | Slaughterhouse |
| 8:24 | Ghoul Frenzy |
| 8:33 | Scroll of Healing |
| 8:47 | Orb of Corruption |
| 9:05 | Disease Cloud |
| 9:17 | Impale |
| 9:18 | Frost Armor |
| 9:28 | Abomination |
| 9:35 | Unholy Armor |
| 9:52 | Destroyer Form |
| 10:16 | Abomination |
| 10:19 | Ziggurat |
| 10:28 | Acolyte |
| 11:39 | Spiked Carapace |
| 12:03 | Meat Wagon |
| 12:18 | Frost Nova |
| 12:21 | Acolyte |
| 12:31 | Ghoul |
| 12:31 | Abomination |
| 12:33 | Obsidian Statue |
| 12:41 | Death Pact |
| 12:48 | Dark Ritual |
| 13:22 | Acolyte |
| 13:23 | Acolyte |
| 13:23 | Acolyte |
| 13:23 | Acolyte |
| 13:35 | Abomination |
| 13:35 | Abomination |
| 13:40 | Ghoul |
| 13:40 | Ghoul |
| 14:01 | Ghoul |
| 14:17 | Obsidian Statue |
| 15:07 | Crypt Fiend |
| 15:08 | Death Coil |
| 15:16 | Necropolis |
| 15:18 | Ziggurat |
| 15:20 | Ziggurat |
| 15:44 | Scroll of Town Portal |
| 15:52 | Burrow |
| 15:55 | Web |
| 16:15 | Crypt Fiend |
| 16:19 | Abomination |
| 16:46 | Temple of the Damned |
| 17:08 | Obsidian Statue |
| 17:09 | Crypt Fiend |
| 17:18 | Impale |
| 17:31 | Creature Attack |
| 18:02 | Sacrificial Pit |
| 18:07 | Scroll of Town Portal |
| 18:13 | Crypt Fiend |
| 18:17 | Banshee Adept Training |
| 18:38 | Improved Unholy Armor |
| 19:14 | Banshee |
| 19:15 | Banshee |
| 19:15 | Banshee |
| 19:31 | Nerubian Tower |
| 19:32 | Spirit Tower |
| 19:34 | Ziggurat |
| 19:36 | Ziggurat |
| 19:55 | Banshee Master Training |
| 19:57 | Banshee |
| 20:08 | Scroll of Healing |
| 20:11 | Potion of Healing |
| 20:37 | Improved Creature Attack |
| 21:55 | Unholy Strength |
| 21:55 | Creature Carapace |
| 23:05 | Crypt Fiend |
| 24:28 | Crypt Fiend |
| 24:29 | Abomination |
| Right click | 1994 |
| Select group | 1620 |
| Assign group | 491 |
| Select | 356 |
| Build/train/purchase | 126 |
| Use ability | 76 |
| Misc. action | 25 |
| Item give/drop | 8 |
| Remove unit | 8 |
| Chat | 7 |
49 units @ 6.9k
/ 0.7k
34 buildings @ 4.1k
/ 1.9k


x1)
| Scroll of Regeneration | 4 | 400 |
| Lesser Clarity Potion | 1 | 70 |
| Potion of Healing | 3 | 450 |
| Scroll of Town Portal | 2 | 700 |
| Scroll of Healing | 1 | 250 |
| Potion of Lesser Invulnerability | 1 | 150 |
| Tome of Retraining | 1 | 300 |
| total: | 13 | 2320g |
| Peasant | 21 | 1575 | / | 0 |
| Footman | 6 | 810 | / | 0 |
| Rifleman | 12 | 2460 | / | 360 |
| Priest | 2 | 270 | / | 20 |
| Sorceress | 1 | 155 | / | 20 |
| Spell Breaker | 4 | 860 | / | 120 |
| Knight | 3 | 735 | / | 180 |
| total: | 49 | 6865g | / | 700w |
| Scout Tower | 9 | 270 | / | 180 |
| Arcane Tower | 1 | 70 | / | 50 |
| Guard Tower | 8 | 560 | / | 400 |
| Altar of Kings | 1 | 180 | / | 50 |
| Farm | 12 | 960 | / | 240 |
| Barracks | 2 | 320 | / | 120 |
| Lumber Mill | 1 | 120 | / | 0 |
| Arcane Vault | 1 | 130 | / | 30 |
| Blacksmith | 1 | 140 | / | 60 |
| Town Hall | 4 | 1540 | / | 820 |
| Arcane Sanctum | 2 | 300 | / | 280 |
| Workshop | 1 | 140 | / | 140 |
| Keep | 1 | 320 | / | 210 |
| Castle | 1 | 360 | / | 210 |
| total: | 34 | 4100g | / | 1920w |
| 0:01 | Peasant |
| 0:01 | Peasant |
| 0:04 | Altar of Kings |
| 0:18 | Farm |
| 0:20 | Barracks |
| 0:22 | Peasant |
| 0:35 | Peasant |
| 0:48 | Farm |
| 0:57 | Peasant |
| 1:03 | Peasant |
| 1:21 | Footman |
| 1:22 | Footman |
| 1:27 | Scout Tower |
| 1:31 | Peasant |
| 1:42 | Footman |
| 1:49 | Farm |
| 1:57 | Arcane Tower |
| 2:04 | Peasant |
| 2:08 | Summon Water Elemental |
| 2:32 | Footman |
| 2:33 | Peasant |
| 2:46 | Footman |
| 2:50 | Brilliance Aura |
| 3:11 | Keep |
| 3:21 | Lumber Mill |
| 3:53 | Arcane Vault |
| 3:56 | Blacksmith |
| 4:36 | Footman |
| 4:38 | Farm |
| 4:51 | Scout Tower |
| 5:13 | Farm |
| 5:15 | Scroll of Regeneration |
| 5:16 | Lesser Clarity Potion |
| 5:38 | Arcane Sanctum |
| 5:43 | Arcane Sanctum |
| 5:54 | Guard Tower |
| 6:05 | Rifleman |
| 6:33 | Storm Bolt |
| 6:44 | Rifleman |
| 6:46 | Rifleman |
| 6:47 | Farm |
| 6:49 | Farm |
| 7:16 | Priest |
| 7:19 | Long Rifles |
| 7:20 | Black Gunpowder |
| 7:40 | Rifleman |
| 7:41 | Farm |
| 7:51 | Scroll of Regeneration |
| 8:01 | Priest |
| 8:21 | Rifleman |
| 8:32 | Summon Water Elemental |
| 8:42 | Town Hall |
| 8:56 | Scout Tower |
| 8:59 | Thunder Clap |
| 9:06 | Barracks |
| 9:20 | Scout Tower |
| 9:25 | Guard Tower |
| 9:27 | Improved Masonry |
| 9:59 | Studded Leather Armor |
| 10:01 | Guard Tower |
| 10:17 | Rifleman |
| 10:25 | Potion of Healing |
| 10:30 | Peasant |
| 10:35 | Scout Tower |
| 10:40 | Farm |
| 10:54 | Rifleman |
| 11:12 | Guard Tower |
| 11:21 | Advanced Masonry |
| 11:37 | Storm Bolt |
| 12:33 | Rifleman |
| 12:39 | Sorceress |
| 12:45 | Scout Tower |
| 13:06 | Peasant |
| 13:06 | Peasant |
| 13:09 | Peasant |
| 13:09 | Peasant |
| 13:13 | Rifleman |
| 13:17 | Guard Tower |
| 13:40 | Peasant |
| 13:40 | Peasant |
| 14:06 | Scout Tower |
| 14:08 | Peasant |
| 14:14 | Rifleman |
| 14:16 | Potion of Lesser Invulnerability |
| 14:26 | Scroll of Regeneration |
| 14:29 | Potion of Healing |
| 14:37 | Guard Tower |
| 14:39 | Peasant |
| 14:46 | Scout Tower |
| 14:49 | Peasant |
| 14:58 | Spell Breaker |
| 15:03 | Improved Lumber Harvesting |
| 15:20 | Guard Tower |
| 15:35 | Scout Tower |
| 15:42 | Spell Breaker |
| 15:48 | Rifleman |
| 15:52 | Brilliance Aura |
| 16:06 | Potion of Healing |
| 16:10 | Guard Tower |
| 16:37 | Scroll of Town Portal |
| 16:55 | Rifleman |
| 16:57 | Farm |
| 17:23 | Castle |
| 17:52 | Scroll of Town Portal |
| 18:03 | Scroll of Regeneration |
| 18:17 | Spell Breaker |
| 18:31 | Scroll of Healing |
| 18:38 | Farm |
| 19:12 | Spell Breaker |
| 19:20 | Iron Plating |
| 19:31 | Tome of Retraining |
| 19:31 | Retrain Hero |
| 19:35 | Blizzard |
| 19:35 | Blizzard |
| 19:35 | Blizzard |
| 19:36 | Brilliance Aura |
| 19:36 | Brilliance Aura |
| 19:36 | Brilliance Aura |
| 19:47 | Knight |
| 19:49 | Animal War Training |
| 20:24 | Town Hall |
| 20:45 | Knight |
| 21:01 | Iron Forged Swords |
| 21:03 | Knight |
| 21:09 | Workshop |
| 21:56 | Peasant |
| 22:09 | Town Hall |
| 22:18 | Peasant |
| 22:49 | Farm |
| 23:15 | Town Hall |
| 24:13 | Thunder Clap |
| Right click | 997 |
| Select group | 886 |
| Select | 589 |
| Build/train/purchase | 157 |
| Chat | 117 |
| Misc. action | 91 |
| Assign group | 49 |
| Use ability | 19 |
| Item give/drop | 3 |
| Remove unit | 1 |